 Dungeon Crawl Stone Soup version 0.17-a0-2115-g0d8b93e (webtiles) character file.

688 Maka the Slasher (level 7, 0/45 HPs)
             Began as a Halfling Fighter on Oct 20, 2015.
             Slain by an orc
             ... wielding a +0 mace
              (4 damage)
             ... on level 4 of the Dungeon.
             The game lasted 00:07:49 (3753 turns).

Maka the Slasher (Halfling Fighter)                 Turns: 3753, Time: 00:07:50

Health: 0/45       AC:  8    Str: 16    XL:     7   Next: 94%
Magic:  7/7        EV: 11    Int:  7    God:
Gold:   130        SH:  6    Dex: 16    Spells: 0 memorised, 6 levels left

rFire  . . .     SeeInvis .     a - +0 long sword
rCold  . . .     Clarity  .     b - +0 scale mail
rNeg   . . .     SustAt   .     i - +0 buckler
rPois  .         Gourm    .     o - +0 helmet
rElec  .         Spirit   .     (no cloak)
rCorr  .         Warding  .     (no gloves)
rMut   .         Stasis   .     (no boots)
MR     .....                    (no amulet)
Stlth  ..........               (no ring)
                                (no ring)

@: not resistant to hostile enchantments, extremely unstealthy
A: mutation resistance 1
a: no special abilities


You were on level 4 of the Dungeon.
You were hungry.

You visited 1 branch of the dungeon, and saw 4 of its levels.

You collected 130 gold pieces.

Inventory:

Hand Weapons
 a - a +0 long sword (weapon)
Missiles
 j - 4 curare-tipped needles
Armour
 b - a +0 scale mail (worn)
 i - a +0 buckler (worn)
 o - a +0 helmet (worn)
Wands
 w - a wand of paralysis (11)
Scrolls
 h - 5 scrolls of identify {unknown}
 n - a scroll of enchant weapon {unknown}
 r - a scroll of random uselessness {unknown}
 s - a scroll of enchant armour {unknown}
 v - 2 scrolls of teleportation {unknown}
 x - 3 scrolls of recharging {unknown}
Potions
 d - 2 potions of might
 f - a potion of magic {unknown}
 g - a potion of cure mutation {unknown}
 k - a potion of curing
 l - a potion of flight {unknown}
 m - a potion of invisibility {unknown}
 p - a potion of degeneration {unknown}
 u - a potion of lignification {unknown}
Comestibles
 e - 3 bread rations
 t - a meat ration


   Skills:
 - Level 2.6 Fighting
 + Level 7.7 Long Blades
 - Level 4.0 Armour
 - Level 4.1 Shields


You had 6 spell levels left.
You didn't know any spells.

Dungeon Overview and Level Annotations

Branches:
Dungeon (4/15)
 Temple: D:4-7

Altars:
Cheibriados
Dithmenos
Qazlal
Trog
Xom
The Shining One


Innate Abilities, Weirdness & Mutations

You are small and have problems with some larger weapons.
You are somewhat resistant to further mutation.


Message History

You block the orc's attack.
You barely miss the orc. The orc barely misses you.
You barely miss the orc. The orc hits you with a mace.
* * * LOW HITPOINT WARNING * * *
You hit the orc.
The orc is moderately wounded.
You block the orc's attack.
You closely miss the orc.
The orc is moderately wounded.
You barely miss the orc.
The orc is moderately wounded.
The orc hits you with a mace.
* * * LOW HITPOINT WARNING * * *
You hit the orc.
The orc is heavily wounded.
You block the orc's attack.
You hit the orc.
The orc is severely wounded.
The orc hits you with a mace.
You die...

# # ###### #
#..PP# #
#....## #
.#######P....#
.......).....#
.####.o@.#.#.#
.(....#)##...#
#####...##.###
##.###.# #.
#.# #. #.# #
#. #.# #
#.###.### #
#.## #.#≈≈†≈≈#


You could see an orc.

Vanquished Creatures
  An ogre (D:4)
  A phantom (D:4)
  A giant frog (D:4)
  A giant frog zombie (D:4)
  An iguana (D:4)
  2 orc wizards (D:3)
  3 orc priests
  A worker ant (D:3)
  A hound zombie (D:4)
  Robin (D:2)
  8 adders
  An ooze (D:3)
  A worm (D:2)
  2 giant geckos (D:4)
  11 orcs
  3 giant cockroaches
  12 goblins
  19 hobgoblins
  4 jackals (D:3)
  8 kobolds
  2 quokkas (D:2)
  A ball python (D:1)
  13 bats
  A giant cockroach zombie (D:4)
  4 giant newts
  7 rats
110 creatures vanquished.

Notes
Turn   | Place    | Note
--------------------------------------------------------------
     0 | D:1      | Maka the Halfling Fighter began the quest for the Orb.
     0 | D:1      | Reached XP level 1. HP: 15/15 MP: 1/1
   163 | D:1      | Reached XP level 2. HP: 18/20 MP: 2/2
   473 | D:1      | Reached XP level 3. HP: 22/25 MP: 3/3
   751 | D:2      | Found a bloodstained altar of Trog.
   922 | D:2      | Noticed Robin
   948 | D:2      | Killed Robin
   948 | D:2      | Reached skill level 4 in Long Blades
   948 | D:2      | Reached XP level 4. HP: 18/30 MP: 4/4
  1171 | D:2      | Found a snail-covered altar of Cheibriados.
  1293 | D:2      | Found a shadowy altar of Dithmenos.
  1697 | D:3      | Reached XP level 5. HP: 35/35 MP: 5/5
  1712 | D:3      | Reached skill level 5 in Long Blades
  2029 | D:3      | Reached XP level 6. HP: 37/41 MP: 6/6
  2354 | D:3      | Reached skill level 6 in Long Blades
  2496 | D:3      | Found a glowing golden altar of the Shining One.
  3025 | D:4      | Found a shimmering altar of Xom.
  3036 | D:4      | Reached skill level 7 in Long Blades
  3036 | D:4      | Reached XP level 7. HP: 6/45 MP: 7/7
  3704 | D:4      | Found a stormy altar of Qazlal.
  3753 | D:4      | Slain by an orc

Vault maps used:
D:1:      elethiomel_arrival_infinity_welcomes_careful_drivers
D:2:      lemuel_doored_altar, overflow_temple_1_default, first_bread,
          nicolae_dithmenos_shadow_blocks, uniq_robin
D:3:      lemuel_round_altar
D:4:      lemuel_round_altar, kennysheep_mini_moat, okawaru_ov_weapons_minmay,
          serial_undead, serial_undead_e, serial_undead_b, serial_undead_b,
          serial_undead_a

Action                   |  1- 3 |  4- 6 |  7- 9 || total
-------------------------+-------+-------+-------++-------
Melee: Long sword        |   125 |   246 |    91 ||   462
Evoke: Wand              |       |     1 |       ||     1
  Use: Potion            |       |     1 |       ||     1
 Stab: Paralysed         |       |     2 |       ||     2
  Eat: Chunk             |       |     6 |       ||     6
       Royal jelly       |       |     1 |       ||     1
       Pizza             |       |     1 |       ||     1
